 Dungeon Crawl Stone Soup version 0.14-a0-1761-gdbd231b (webtiles) character file.

262 Infinimo the Covered (level 5, -13/37 HPs)
             Began as a Formicid Fighter on Dec 18, 2013.
             Mangled by an orc warrior
             ... wielding a -1,+0 orcish halberd
              (18 damage)
             ... on Level 3 of the Dungeon on Jan 5, 2014.
             The game lasted 00:06:21 (1743 turns).

Infinimo the Covered (Formicid Fighter)             Turns: 1743, Time: 00:06:21

HP -13/37        AC  8     Str 21      XL: 5   Next:  9%
MP   5/5         EV  6     Int  8      God:
Gold 174         SH 18     Dex 10      Spells:  0 memorised,  4 levels left

rFire  . . .     SeeInvis +     a - +0 hand axe
rCold  . . .     Clarity  .     b - +0 scale mail
rNeg   . . .     Conserve .     c - +0 shield
rPois  x         rCorr    .     (helmet unavailable)
rElec  .         rRot     .     (no cloak)
SustAb . .       Spirit   .     (no gloves)
rMut   .         Warding  .     (no boots)
Saprov . . .     Stasis   +     (no amulet)
                                (no ring)
                                (no ring)

@: slightly resistant to hostile enchantments, extremely unstealthy
A: permanent stasis, dig shafts and tunnels, four strong arms, poison weakness,
antennae 3, exoskeleton 1
a: Dig, Shaft Self


You were on level 3 of the Dungeon.
You were hungry.

You visited 1 branch of the dungeon, and saw 3 of its levels.

You collected 174 gold pieces.

Inventory:

Hand weapons
 a - a +0,+0 hand axe (weapon)
Armour
 b - a +0 scale mail (worn)
 c - a +0 shield (worn)
Comestibles
 d - 4 bread rations
 k - 2 chokos
Scrolls
 f - 2 scrolls of teleportation {unknown}
 g - a scroll of fear {unknown}
 h - a scroll of random uselessness {unknown}
 i - 3 scrolls of remove curse {unknown}
 l - 3 scrolls of identify {unknown}
 m - a scroll of fog {unknown}
 p - a scroll of recharging {unknown}
 s - a scroll of magic mapping {unknown}
Jewellery
 o - an uncursed ring of magical power {unknown}
Potions
 e - 3 potions of curing {unknown}
 j - a potion of speed {unknown}
 n - 2 potions of heal wounds {unknown}
 q - a potion of agility {unknown}
 r - a potion of magic {unknown}


   Skills:
 - Level 3.3 Fighting
 * Level 3.7 Axes
 + Level 4.3 Armour
 - Level 3.1 Shields


You had 4 spell levels left.
You didn't know any spells.

Dungeon Overview and Level Annotations

Branches:
Dungeon (3/16)

Altars:
Fedhas


Innate Abilities, Weirdness & Mutations

Your are under a permanent stasis effect.
You can dig through walls and to a lower floor.
Your four strong arms can wield any weapon, most with a shield.
You are susceptible to poison.
You have a pair of large antennae on your head (SInv).
Your body is surrounded by an exoskeleton. (HP +5, AC +1)


Message History

The orc warrior shouts!
You block the orc's attack. You block the orc warrior's attack.
You block the orc's attack.
The orc is almost dead.
The orc warrior grunts loudly.
The orc warrior hits you from afar with an orcish halberd!
Ouch! That really hurt!
You are too injured to fight recklessly!
There is an open door here.
There is an open door here.
There is an open door here.
You open the door.
Saving game... please wait.
Welcome back, Infinimo the Formicid Fighter.
Press ? for a list of commands and other information.
You are too injured to fight recklessly!
The orc warrior hits you with an orcish halberd!
* * * LOW HITPOINT WARNING * * *
The orc warrior hits you with an orcish halberd!
You die...

############ #.........#
#..........###.........#
#...<......'.#.........####
.........{.#oo.........'..#######
#..........###.........##........
#####'###### #...{.....##########
#.## #####'##### #..# ##.oo# ##.#
#.@### #.# #.## #.# ##'##########
######
####.#######...........###.....
#......##..'...........'.#.....
#...(..#..##.....[.....#.......
#......#.###...........###.....
###........# #...........# #.....
.........### #...........# ######


You could see an orc warrior and an orc.

Vanquished Creatures
  2 adders
  A gnoll (D:1)
  2 worms (D:2)
  4 giant geckos
  A ball python (D:1)
  3 giant cockroaches
  6 goblins
  5 hobgoblins
  An ooze (D:1)
  6 bats
  3 giant newts
  3 kobolds
  3 quokkas (D:2)
  6 rats
46 creatures vanquished.

Notes
Turn   | Place    | Note
--------------------------------------------------------------
     0 | D:1      | Infinimo, the Formicid Fighter, began the quest for the Orb.
     0 | D:1      | Reached XP level 1. HP: 19/19 MP: 1/1
    52 | D:1      | Reached XP level 2. HP: 6/24 MP: 2/2
   336 | D:1      | Reached XP level 3. HP: 28/28 MP: 3/3
   794 | D:2      | Reached skill level 4 in Armour
   877 | D:2      | Reached XP level 4. HP: 23/33 MP: 4/4
  1287 | D:2      | Found a blossoming altar of Fedhas.
  1589 | D:3      | Reached XP level 5. HP: 35/37 MP: 5/5
  1716 | D:3      | Noticed an orc warrior
  1742 | D:3      | Upgraded the game from 0.14-a0-1546-g4b4961f to 0.14-a0-1761-gdbd231b
  1743 | D:3      | Mangled by an orc warrior

Action                   |  1- 3 |  4- 6 || total
-------------------------+-------+-------++-------
Melee: Hand axe          |    68 |    79 ||   147
